Map: Ascension to Aiur LE

Players

Serenade

  • Race: Protoss Protoss
  • League: Diamond
  • Spawn Location: 11:00

Luolis - Winner!

  • Race: Terran Terran
  • League: Master
  • Spawn Location: 5:00

VOD

Have the link to the VOD?

Description

Time

  • Played on: Aug. 17, 2017, 4:06 a.m.
  • Length: 7:10
Show
View Real Time Build Order
Export as new Build Order

Serenade Protoss 

Build Orders:  

Get SALT Encoding   

  12  0:01  Probe (Chrono Boost)  
  13  0:11  Probe (Chrono Boost)  
  14  0:18  Pylon  
  14  0:22  Probe (Chrono Boost)  
  15  0:36  Probe (Chrono Boost), Gateway  
  16  0:42  Assimilator  
  16  0:47  Probe (Chrono Boost)  
  17  0:54  Assimilator  
  17  0:57  Probe (Chrono Boost)  
  18  1:08  Probe (Chrono Boost)  
  20  1:18  Probe (Chrono Boost)  
  20  1:23  Cybernetics Core  
  20  1:29  Probe (Chrono Boost)  
  21  1:39  Probe (Chrono Boost)  
  22  1:50  Pylon, Probe (Chrono Boost)  
  25  2:08  Adept (Chrono Boost), Robotics Facility  
  25  2:10  Robotics Facility  
  25  2:17  Warp Gate  
  25  2:31  Pylon  
  25  2:57  Immortal x2  
  33  3:00  Adept (Chrono Boost)  
  35  3:20  Pylon  
  35  3:36  Immortal  
  35  3:38  Warp Prism  
  41  3:44  Pylon  
  41  4:14  Immortal  
  45  4:43  Gateway  
  45  4:44  Gateway  
  45  4:45  Adept  
  45  4:54  Observer  
  45  4:55  Immortal  
  42  5:16  Immortal  
  42  5:22  Adept  
  44  5:34  Immortal  
  48  5:43  Sentry  
  48  5:44  Adept x2  
  54  5:50  Pylon  
  54  6:20  Adept x3  
  54  6:23  Probe  
  54  6:24  Observer  
  56  6:35  Probe  
  41  6:45  Adept x3  
  47  6:47  Probe  
Show
View Real Time Build Order
Export as new Build Order

Luolis Terran - Winner!

Build Orders: MMM Bio 

Get SALT Encoding   

  12  0:01  SCV  
  13  0:13  SCV  
  14  0:17  Supply Depot  
  14  0:25  SCV  
  15  0:39  SCV  
  15  0:41  Barracks  
  16  0:44  Refinery  
  16  0:51  SCV  
  17  1:03  SCV  
  18  1:15  SCV  
  19  1:27  Orbital Command  
  19  1:33  Barracks Reactor  
  19  1:43  Command Center  
  19  1:53  SCV  
  20  1:54  Supply Depot  
  20  2:07  Barracks x2  
  20  2:10  SCV, Marine x2  
  23  2:25  SCV  
  23  2:28  Marine x2  
  26  2:30  Supply Depot  
  26  2:34  Refinery  
  26  2:46  SCV, Marine  
  26  2:47  Marine  
  29  2:51  Supply Depot  
  29  2:55  Barracks Tech Lab x2  
  29  2:58  SCV  
  30  3:10  SCV  
  31  3:17  Combat Shields  
  31  3:18  Marine x3, Stimpack  
  33  3:27  Supply Depot  
  33  3:34  Marine  
  34  3:36  Marauder, Marine  
  34  3:39  Marauder  
  39  3:51  Marine  
  41  3:56  Engineering Bay  
  41  3:59  Marauder  
  41  4:01  Marauder, Marine  
  46  4:28  Marauder  
  46  4:36  Concussive Shells  
  46  4:41  Marine  
  46  4:45  Supply Depot x2  
  47  4:46  Factory  
  47  5:05  SCV  
  47  5:06  Marine  
  47  5:07  Marauder x2  
  43  5:24  Marine  
  43  5:26  SCV  
  43  5:28  Marauder x2  
  49  5:31  Widow Mine  
  51  5:40  SCV  
  51  5:41  Supply Depot  
  52  5:50  Marine x2  
  52  5:53  Marine  
  55  6:00  Starport  
  55  6:08  Marine x2  
  55  6:11  Marine  
  58  6:14  Widow Mine  
  60  6:26  Marauder x2  
  60  6:28  Marine  
  59  6:39  SCV  
  42  6:51  SCV  
Tags
 
Add a new tag
Caveats
  • Supply blocks, unpowered buildings, or Contaminate may cause inaccurate times.
  • Supply counts are checked every 10 seconds.